 Dungeon Crawl Stone Soup version 0.24-a0-769-g368c164 (webtiles) character file.

Game seed: 2657575073797823330, levelgen mode: deterministic

1857 2tousent the Ruffian (level 8, -3/59 HPs)
             Began as a Pale Draconian Transmuter on Oct 4, 2019.
             Was an Initiate of Wu Jian.
             Hit by a boomerang thrown by an orc warrior (10 damage)
             ... on level 6 of the Dungeon.
             The game lasted 00:19:03 (5611 turns).

2tousent the Ruffian (Pale Draconian Transmuter)    Turns: 5611, Time: 00:19:03

Health: -3/59      AC:  2    Str: 15    XL:     8   Next: 89%
Magic:  13/14      EV: 19    Int: 14    God:    Wu Jian [......]
Gold:   136        SH:  0    Dex: 16    Spells: 9/16 levels left

rFire    . . .     SeeInvis .     - Unarmed
rCold    + . .     Gourm    .   (shield currently unavailable)
rNeg     . . .     Faith    .   (armour unavailable)
rPois    x         Spirit   .   (helmet currently unavailable)
rElec    .         Reflect  .   (cloak currently unavailable)
rCorr    .         Harm     .   (gloves currently unavailable)
MR       .....                  (boots currently unavailable)
Stlth    +.........             (no amulet)
HPRegen  0.19/turn              e - ring of protection from cold
MPRegen  0.14/turn              (no ring)

@: spider-form
A: tiny, (breathe steam), unfitting armour, AC +6
a: End Transformation, Renounce Religion


You were on level 6 of the Dungeon.
You worshipped Wu Jian.
Wu Jian was noncommittal.
You were hungry.
You were a venomous arachnid creature.
You visited 2 branches of the dungeon, and saw 7 of its levels.

You collected 218 gold pieces.
You spent 82 gold pieces at shops.

Inventory:

Missiles
 a - 107 arrows
Jewellery
 e - a ring of protection from cold (left front leg)
 l - an uncursed amulet of magic regeneration
 p - a +2 ring of evasion {unknown}
Wands
 t - a wand of digging (2)
 w - a wand of random effects (21)
 y - a wand of acid (12)
 z - a wand of polymorph (3)
Scrolls
 d - 2 scrolls of remove curse
 f - 2 scrolls of enchant armour {unknown}
 g - 5 scrolls of identify
 h - 3 scrolls of magic mapping
 k - 2 scrolls of amnesia
 n - 2 scrolls of random uselessness {unknown}
 r - 2 scrolls of fear {unknown}
 u - 2 scrolls of teleportation {unknown}
 x - a scroll of blinking {unknown}
 A - a scroll of immolation {unknown}
Potions
 b - a potion of haste {unknown}
 i - 3 potions of curing
 j - a potion of brilliance {unknown}
 m - a potion of cancellation {unknown}
 o - 2 potions of heal wounds
 q - 2 potions of might {unknown}
 s - 2 potions of degeneration {unknown}
 v - a potion of resistance {unknown}
 C - a potion of agility
Comestibles
 c - 13 rations


   Skills:
 - Level 1.1 Fighting
 - Level 1.7 Dodging
 * Level 7.3 Unarmed Combat
 + Level 4.6 Spellcasting
 * Level 6.8 Transmutations
 - Level 3.0 Ice Magic
 - Level 3.3 Poison Magic


You had 9 spell levels left.
You knew the following spells:

 Your Spells              Type           Power        Failure   Level  Hunger
b - Spider Form           Tmut/Pois      ###.......   19%         3    ###....
c - Ice Form              Ice/Tmut       ###.....     45%         4    ####...

Your spell library contained the following spells:

 Spells                   Type           Power        Failure   Level  Hunger
 Beastly Appendage        Tmut           ###...       5%          1    None
 Sticks to Snakes         Tmut           ###.....     7%          2    ##.....
 Summon Small Mammal      Summ           #...         38%         1    None
 Call Imp                 Summ           #.......     50%         2    ##.....
 Blade Hands              Tmut           ###.......   52%         5    ######.
 Call Canine Familiar     Summ           #.......     71%         3    ###....
 Summon Guardian Golem    Hex/Summ       #.......     71%         3    ###....
 Summon Ice Beast         Ice/Summ       #.......     85%         4    ####...
 Summon Lightning Spire   Summ/Air       #.......     96%         4    ####...


Dungeon Overview and Level Annotations

Branches:
Dungeon (6/15)             Temple (1/1) D:6

Altars:
Ashenzari
Cheibriados
Dithmenos
Fedhas
Hepliaklqana
Kikubaaqudgha
Nemelex Xobeh
Qazlal
Ru
Trog
Vehumet
Wu Jian
Xom
Zin
The Shining One

Shops:
D:5 [?[


Innate Abilities, Weirdness & Mutations

((You can breathe blasts of scalding, opaque steam.))
((Your pale cyan-grey scales are hard. (AC +6)))
You cannot fit into any form of body armour.
((You are cold-blooded and may be slowed by cold attacks.))


Message History

The orc warrior misses you.
You barely miss the orc warrior.
The orc warrior is lightly wounded.
The orc warrior hits you with a +1 hand axe of freezing!!
The orc warrior freezes you.
* * * LOW HITPOINT WARNING * * *
The orc warrior throws a boomerang.
The boomerang completely misses you.
The weapon returns to the orc warrior!
The orc warrior throws a boomerang.
The boomerang completely misses you.
The weapon returns to the orc warrior!
Okay, then.
The orc warrior throws a boomerang.
The boomerang misses you.
The weapon returns to the orc warrior!
The orc warrior throws a boomerang.
The boomerang misses you.
The weapon returns to the orc warrior!
The orc warrior throws a boomerang.
The boomerang hits you!
* * * LOW HITPOINT WARNING * * *
The weapon returns to the orc warrior!
The orc warrior throws a boomerang.
The boomerang hits you!
You die...

..######## #.....#..#
..##########........####
).).....................
..##########...<.#######
.......# #..........#
.......# #..........#
#......# #..........#
#......# #.....######
.......# #....s....#
....#### #####.....#
....# #.....# ....#
#.....# ....# #.....#
....# #.....##### ....#
#..)....... ....######
#.o........ .........#
#).........#


You could see an orc warrior.

Vanquished Creatures
  Pikel (D:5)
  Eustachio (D:6)
  An orc warrior (D:6)
  A sky beast (D:6)
  3 ogres
  Blork the orc (D:4)
  A bullfrog (D:5)
  A howler monkey (D:3)
  2 crimson imps
  4 orc priests
  A centaur skeleton (D:4)
  Ijyb (D:4)
  3 orc wizards (D:6)
  A worker ant (D:5)
  A hound zombie (D:6)
  A hound skeleton (D:4)
  Robin (D:4)
  3 gnolls (D:2)
  10 adders
  2 oozes
  An adder skeleton (D:5)
  An adder zombie (D:4)
  2 worms (D:4)
  4 dart slugs
  7 leopard geckos
  18 orcs
  5 giant cockroaches
  16 goblins
  7 hobgoblins
  5 jackals
  2 quokkas
  4 ball pythons
  8 bats
  6 frilled lizards
  7 kobolds
  2 leopard gecko skeletons
  7 rats
142 creatures vanquished.

Vanquished Creatures (others)
  A centaur (D:5)
  A worker ant zombie (D:5)
  4 toadstools (D:1)
6 creatures vanquished.

Grand Total: 148 creatures vanquished

Notes
Turn   | Place    | Note
-------+----------+-------------------------------------------
     0 | D:1      | 2tousent the Draconian Transmuter began the quest for the
                  | Orb.
     0 | D:1      | Reached XP level 1. HP: 16/16 MP: 3/3
   284 | D:1      | Reached XP level 2. HP: 18/23 MP: 5/5
   827 | D:2      | Reached XP level 3. HP: 20/28 MP: 4/6
   832 | D:2      | Learned a level 3 spell: Spider Form
  1549 | D:2      | Reached XP level 4. HP: 35/35 MP: 7/7
  1943 | D:2      | Reached skill level 4 in Unarmed Combat
  2068 | D:3      | Reached skill level 1 in Poison Magic
  2068 | D:3      | Reached XP level 5. HP: 21/40 MP: 4/8
  2251 | D:3      | Learned a level 4 spell: Ice Form
  3112 | D:4      | Noticed Blork the orc
  3126 | D:4      | Killed Blork the orc
  3126 | D:4      | Reached skill level 1 in Ice Magic
  3126 | D:4      | Reached XP level 6. HP: 40/47 MP: 1/10
  3549 | D:4      | Reached skill level 5 in Unarmed Combat
  3644 | D:4      | Noticed Robin
  3649 | D:4      | Killed Robin
  4048 | D:4      | Noticed Ijyb
  4062 | D:4      | Killed Ijyb
  4062 | D:4      | Your scales start taking on a pale cyan-grey colour.
  4062 | D:4      | Reached XP level 7. HP: 50/52 MP: 8/11
  4203 | D:5      | Entered Level 5 of the Dungeon
  4242 | D:5      | Noticed Pikel
  4314 | D:5      | Found Umerakax's Magic Scroll Shoppe.
  4338 | D:5      | Bought a scroll of magic mapping for 52 gold pieces
  4338 | D:5      | Bought a scroll of identify for 30 gold pieces
  4428 | D:5      | Found Ranuisch's Armour Shop.
  4533 | D:5      | Killed Pikel
  4533 | D:5      | Reached skill level 6 in Unarmed Combat
  4533 | D:5      | Reached skill level 5 in Transmutations
  4533 | D:5      | Reached XP level 8. HP: 42/59 MP: 11/13
  4799 | D:5      | Found Fevylad's Antique Armour Shoppe.
  4852 | D:6      | Found a staircase to the Ecumenical Temple.
  4869 | Temple   | Entered the Ecumenical Temple
  4892 | Temple   | Became a worshipper of the Wu Jian Council
  5011 | D:6      | Noticed Eustachio
  5068 | D:6      | Killed Eustachio
  5068 | D:6      | Reached skill level 7 in Unarmed Combat
  5611 | D:6      | Hit by a boomerang thrown by an orc warrior

Levels and vault maps discovered:
D:1:      ldierk_walled_garden_2, layout_loops_ring
D:2:      layout_basic, minmay_pentomino_v4
D:3:      minmay_diamond_boxcup, layout_basic, ebering_dispersal_statue_hall
D:4:      layout_loops_ring, first_ration, minmay_misc_feat_enclosed,
          hangedman_feature_mirror, uniq_robin, uniq_blork_the_orc, uniq_ijyb
D:5:      layout_rooms, serial_shops, nicolae_shop_statue_plus, shop,
          nicolae_shop_behind_doors, dk_rats_in_the_wall, uniq_pikel
D:6:      layout_basic, okawaru_gym_becter, minmay_temple_entry_butterflies,
          uniq_eustachio
Temple:   nicolae_temple_the_god_donut

Skill      XL: |  1  2  3  4  5  6  7  8 |
---------------+-------------------------+-----
Transmutations | 3 4 5 6 |  6.8
Unarmed Combat | 4 5 6 7 |  7.3
Poison Magic   | 1 2 3 |  3.3
Spellcasting   | 3 4 |  4.6
Ice Magic      | 1 2 3 |  3.0
Fighting       | |  1.1
Dodging        | |  1.7

Action                   |  1- 3 |  4- 6 |  7- 9 || total
-------------------------+-------+-------+-------++-------
Melee: Unarmed           |   117 |   223 |   131 ||   471
       Tailslap          |    11 |     9 |       ||    20
       Kick              |     5 |     2 |       ||     7
       Headbutt          |       |     3 |       ||     3
       Punch             |       |     2 |     1 ||     3
 Cast: Beastly Appendage |     4 |     6 |       ||    10
       Spider Form       |     2 |    11 |    13 ||    26
Invok: Lunge             |       |       |     9 ||     9
 Abil: Breathe Steam     |       |       |     5 ||     5
  Use: Potion            |       |     1 |       ||     1
       Scroll            |       |       |     3 ||     3
 Stab: Sleeping          |     1 |     3 |       ||     4
  Eat: Chunk             |     3 |     9 |     7 ||    19
Armor: Skin              |    29 |    44 |    10 ||    83
Dodge: Dodged            |    72 |   153 |    82 ||   307

Table legend:
 A = Non-vault XP
 B = Vault XP
 C = Vault XP percentage of total XP
 D = Non-vault monster count
 E = Vault monster count
 F = Vault count percentage of total count
                 A         B        C        D         E       F
            +---------+---------+-------+---------+---------+-------
      Total |    1580 |    1073 |  40.4 |     114 |      28 |  19.7
            +---------+---------+-------+---------+---------+-------
        D:1 |      32 |       0 |   0.0 |      19 |       0 |   0.0
        D:2 |     111 |       4 |   3.5 |      26 |       3 |  10.3
        D:3 |     161 |      43 |  21.1 |      21 |      10 |  32.3
        D:4 |     288 |     155 |  35.0 |      19 |      13 |  40.6
        D:5 |     311 |     663 |  68.1 |      12 |       1 |   7.7
        D:6 |     677 |     208 |  23.5 |      17 |       1 |   5.6
            +---------+---------+-------+---------+---------+-------
